AoeStats
← Wgonzalez079389

African Clearing

510459378Analyzed
4v4 RM · 17h ago on Oct 1, 2026· 45m 45s· 8 players
Game mode
Random Map
Map size
Large (8 player)
Population
200
Speed
Normal
Resources
Standard
Victory
Conquest
Starting age
Dark Age
Ending age
Imperial Age
RankedLock teamsTeams togetherTeam positionsShared explorationLock speedFull tech treeHidden civsTurbo modeCheats
Victory
Defeat
🇺🇾 Vietnamese · Uruguay
1209
+10
🇦🇷 Chinese · Argentina
1152
+12
🇺🇾 Varangians · Uruguay
986
+19
🇦🇷 Byzantines · Argentina
927
+22
🇳🇮 Vietnamese · Nicaragua
1069
-16
🇨🇱 Danes · Chile
1063
-16
🇲🇽 Teutons · Mexico
1062
-16
🇺🇸 Dravidians · United States
1050
-15
MYTH NICAZ
6:04 Loom
14:06 Feudal Age
18:22 Castle Age
17:26 Fletching
17:26 Double-Bit Axe
23:12 Padded Archer Armor
25:06 Ballistics
26:03 Wheelbarrow
26:45 Leather Archer Armor
28:57 Bodkin Arrow
30:08 Hand Cart
30:44 Gold Mining
30:45 Stone Mining
32:58 Thumb Ring
40:51 Bow Saw
40:23 Horse Collar
43:47 Scale Barding Armor
44:36 Light Cavalry
45:17 Husbandry
45:30 Forging
Gustatro
8:18 Loom
18:29 Feudal Age
27:04 Castle Age
25:16 Double-Bit Axe
25:47 Horse Collar
28:52 Bow Saw
32:10 Fletching
33:36 Wheelbarrow
35:23 Bloodlines
37:14 Forging
38:54 Bodkin Arrow
40:29 Arson
40:44 Squires
45:13 Iron Casting
44:39 Scale Mail Armor
45:00 Gambesons
44:40 Pikeman
Wgonzalez079389
3:45 Loom
13:42 Feudal Age
14:11 Double-Bit Axe
17:34 Wheelbarrow
22:45 Castle Age
24:11 Bow Saw
23:43 Horse Collar
23:55 Fletching
24:37 Pikeman
26:15 Bodkin Arrow
31:11 Scale Mail Armor
34:26 Hand Cart
37:26 Husbandry
37:37 Bloodlines
39:11 Light Cavalry
45:07 Imperial Age
43:11 Stone Mining
43:13 Gold Mining
43:34 Forging
43:40 Chain Mail Armor
Lord Boyka
7:36 Loom
15:41 Feudal Age
17:53 Man-at-Arms
19:42 Double-Bit Axe
20:02 Horse Collar
22:47 Castle Age
21:17 Man-at-Arms
23:37 Gambesons
23:49 Elite Skirmisher
28:28 Wheelbarrow
27:37 Long Swordsman
32:56 Bow Saw
44:14 Heavy Plow
CM_Sietededos
6:39 Loom
13:27 Feudal Age
15:40 Scale Mail Armor
15:51 Forging
18:41 Castle Age
18:18 Double-Bit Axe
18:44 Arson
19:01 Scale Mail Armor
20:17 Bow Saw
20:38 Gambesons
20:58 Town Watch
22:00 Squires
24:47 Wheelbarrow
25:05 Chain Mail Armor
27:07 Horse Collar
28:57 Heavy Plow
29:25 Forging
37:31 Imperial Age
36:47 Gold Mining
38:57 Iron Casting
39:50 Two-Man Saw
38:44 Stone Mining
41:55 Elite Varangian Guard
43:37 Plate Mail Armor
44:08 Conscription
45:30 Blast Furnace
45:07 Siege Engineers
BoxStars
3:01 Loom
12:41 Feudal Age
14:16 Double-Bit Axe
17:38 Castle Age
19:04 Fletching
19:15 Padded Archer Armor
18:50 Crossbowman
19:53 Bodkin Arrow
20:29 Bow Saw
20:13 Gold Mining
21:26 Leather Archer Armor
23:25 Thumb Ring
25:14 Wheelbarrow
30:43 Ballistics
34:41 Horse Collar
36:52 Hand Cart
37:28 Elite Skirmisher
38:08 Elite Skirmisher
[SotC] Tupamaro
8:20 Loom
14:23 Feudal Age
20:16 Wheelbarrow
22:52 Castle Age
25:07 Double-Bit Axe
30:36 Bow Saw
30:07 Horse Collar
36:58 Fletching
38:26 Stone Mining
38:26 Gold Mining
38:38 Heavy Plow
45:49 Imperial Age
45:56 Imperial Age
43:38 Scale Mail Armor
43:48 Forging
43:33 Pikeman
44:13 Squires
44:40 Chain Mail Armor
46:05 Iron Casting
maloni12
6:27 Loom
13:08 Feudal Age
16:50 Double-Bit Axe
23:09 Castle Age
22:11 Fletching
22:21 Padded Archer Armor
23:13 Gold Mining
23:17 Stone Mining
23:08 Horse Collar
23:57 Heavy Plow
24:12 Bow Saw
26:28 Leather Archer Armor
33:33 Elite Skirmisher
35:45 Treadmill Crane
40:07 Wheelbarrow
42:47 Murder Holes
44:13 Ballistics
Connection lost

Rejoining the realm…

Still unreachable

The connection could not be restored.

Session expired

The server has moved on; the page needs a fresh start.